 Dungeon Crawl Stone Soup version 0.32-a0-612-g1c984fe9d1 (webtiles) character file.

Game seed: 2894807710109981074

12274 ezpacito the Cleaver (level 11, -3/77 HPs)
             Began as a Coglin Chaos Knight on Mar 4, 2024.
             Was a Plaything of Xom.
             Slain by a komodo dragon (25 damage)
             ... on level 10 of the Dungeon.
             The game lasted 00:18:27 (10683 turns).

ezpacito the Cleaver (Coglin Chaos Knight)         Turns: 10683, Time: 00:18:28

Health: -3/77      AC: 14    Str: 13 (14) XL:     11   Next: 90%
Magic:  16/16      EV: 15    Int: 12 (13) God:    Xom [.*....]
Gold:   210        SH:  0    Dex: 14 (16) Spells: 2/17 levels left

rFire   . . .        f - +1 eveningstar "Undertaker" {holy, rElec rN+}
rCold   . . .        v - +6 hammer "Tuil" {venom, rN+ Dex+3}
rNeg    + + .        D - +2 leather armour of Imperfection {rPois}
rPois   +            A - +2 hat
rElec   +            k - +0 cloak
rCorr   .            p - +2 pair of gloves
SInv    .            d - +1 pair of boots of Suhad {Regen+}
Will    .....        (amulet unavailable)
Stlth   +++          (ring unavailable)
HPRegen 1.12/turn    (ring unavailable)
MPRegen 0.15/turn    (no gizmo)

%: no passive effects
@: revved
A: off-hand wielding, slow wielding, warmup strikes, no jewellery, deterioration
1, frail 1, weak 1, wild magic 1, sturdy frame 1
a: Invent Gizmo, Renounce Religion


You were on level 10 of the Dungeon.
You worshipped Xom.
You were a plaything of Xom.
You visited 2 branches of the dungeon, and saw 11 of its levels.
You also visited: Sewer.

You collected 474 gold pieces.
You spent 264 gold pieces at shops.

Inventory:

Hand Weapons
 a - a +1 hand axe of chaos {Servia}
 b - a +2 war axe of pain
 f - the +1 eveningstar "Undertaker" (weapon) {holy, rElec rN+}
   (You acquired it on level 3 of the Dungeon)

   rElec:     It insulates you from electricity.
   rN+:       It protects you from negative energy.
 v - the +6 hammer "Tuil" (offhand) {venom, rN+ Dex+3}
   (You found it on level 5 of the Dungeon)

   Dex+3:     It affects your dexterity (+3).
   rN+:       It protects you from negative energy.
 w - a +2 hand axe of electrocution
 G - a -1 demon whip of venom
Missiles
 j - 2 atropa-tipped darts
 n - 11 poisoned darts
 t - 5 boomerangs
 E - a curare-tipped dart
 F - 2 javelins
 H - 5 throwing nets
Armour
 d - the +1 pair of boots of Suhad (worn) {Regen+}
   (You found it on level 9 of the Dungeon)

   Regen+:    It increases your rate of health regeneration.
 h - the +0 ring mail of Courage {Will+ rCorr}
   (You found it on level 10 of the Dungeon)

   Will+:     It increases your willpower.
   rCorr:     It protects you from acid and corrosion.
 k - a +0 cloak (worn)
 p - a +2 pair of gloves (worn)
 A - a +2 hat (worn)
 D - the +2 leather armour of Imperfection (worn) {rPois}
   (You bought it in a shop on level 6 of the Dungeon)

   rPois:     It protects you from poison.
Magical Staves
 u - a staff of alchemy
Wands
 l - a wand of mindburst (9)
 r - a wand of iceblast (10)
 z - a wand of flame (11)
 B - a wand of charming (2)
 C - a wand of polymorph (5)
Scrolls
 g - a scroll of fear
 i - a scroll of immolation
 s - 2 scrolls of amnesia
 x - 3 scrolls of vulnerability
 y - a scroll of brand weapon
Potions
 c - a potion of brilliance
 e - a potion of enlightenment
 o - a potion of attraction


   Skills:
 * Level 7.8 Fighting
 * Level 8.1(9.3) Axes
 * Level 4.6(6.6) Maces & Flails
 + Level 4.5(6.5) Polearms
 * Level 6.8 Armour
 * Level 6.7 Dodging
 + Level 4.4 Stealth
 + Level 3.9 Spellcasting
 + Level 3.6 Alchemy
 + Level 6.0 Evocations


You had 2 spell levels left.
You knew the following spells:

 Your Spells              Type           Power      Damage    Failure   Level
a - Fugue of the Fallen   Necr           3%         N/A       65%         3
b - Animate Armour        Summ/Erth      6%         N/A       96%         4
c - Lehudib's Crystal Sp  Conj/Erth      1%         10d2      100%        8

Your spell library contained the following spells:

 Spells                   Type           Power      Damage    Failure   Level
 Shock                    Conj/Air       12%        1d3       32%         1
 Hailstorm                Conj/Ice       3%         3d5       65%         3
 Ozocubu's Armour         Ice            3%         N/A       65%         3
 Stone Arrow              Conj/Erth      6%         3d7       65%         3
 Summon Ice Beast         Ice/Summ       3%         N/A       65%         3
 Swiftness                Air            3%         N/A       65%         3
 Airstrike                Air            1%         2d(1-17)  96%         4
 Manifold Assault         Tloc           3%         N/A       96%         4
 Sculpt Simulacrum        Ice/Alch       4%         N/A       100%        6


Dungeon Overview and Level Annotations

Branches:
Dungeon (10/15)            Temple (1/1) D:7             Orc (0/2) D:10
  Sewer (visited)
   Lair: D:8-11

Altars:
Ashenzari
Dithmenos
Elyvilon
Fedhas
Gozag
Hepliaklqana
Kikubaaqudgha
Makhleb
Nemelex Xobeh
Okawaru
Qazlal
Ru
Sif Muna
Trog
Uskayaw
Vehumet
Wu Jian
Xom
Yredelemnul
Zin
The Shining One

Shops:
D:6 *   D:7 *

Annotations:
D:4 3 runed translucent doors, ClasyJones's ghost, novice TrFi


Innate Abilities, Weirdness & Mutations

You can wield a second weapon in your off-hand.
It takes a long time for you to wield or remove held weapons.
Your first few attacks do less damage.
You cannot equip rings or amulets.
Your body sometimes deteriorates upon taking damage.
You are frail. (-10% HP)
You are weak. (Str -2)
Your spells are a little harder to cast, but a little more powerful.
Your movements are slightly less encumbered by armour. (ER -2)


Message History

You take 8 damage, and have 37/77 hp.
You completely miss the yak with the +1 eveningstar "Undertaker".
You sock the yak with the +6 hammer "Tuil"!
The yak looks as sick as possible!
The komodo dragon closely misses you. The yak barely misses you.
The yak gores you but does no damage.
You hit the yak with the +6 hammer "Tuil".
The yak looks as sick as possible!
The yak is severely wounded.
You hit the yak with the +1 eveningstar "Undertaker".
The komodo dragon bites you but does no damage.
The yak closely misses you. x2
You puncture the komodo dragon with the +1 eveningstar "Undertaker"!
The komodo dragon is moderately wounded.
You sock the komodo dragon with the +6 hammer "Tuil"!
The komodo dragon closely misses you. The yak misses you.
The yak closely misses you.
You hit the komodo dragon with the +1 eveningstar "Undertaker".
The komodo dragon is heavily wounded.
You barely miss the komodo dragon with the +6 hammer "Tuil".
You kill the yak!
The komodo dragon misses you. The yak gores you!
Your Evocations skill increases to level 6!
You take 10 damage, and have 31/77 hp.
You hit the komodo dragon but do no damage.
The komodo dragon is heavily wounded.
You barely miss the komodo dragon with the +6 hammer "Tuil".
The komodo dragon closely misses you. The yak gores you!
* * * LOW HITPOINT WARNING * * *
Your body deteriorates!
You feel weakened.
You take 11 damage, and have 20/77 hp.
You hit the komodo dragon but do no damage.
The komodo dragon is heavily wounded.
You hit the komodo dragon with the +1 eveningstar "Undertaker".
The komodo dragon closely misses you. The yak gores you but does no damage.
You hit the komodo dragon with the +6 hammer "Tuil".
The komodo dragon is heavily wounded.
You sock the komodo dragon with the +1 eveningstar "Undertaker"!
The komodo dragon bites you!!
You die...
Xom cackles wildly!

#.#..######...########[#######...
#................................
#...####..PPPP)._..PPPP..####...#
##..............................#
############...####..########..#
#.....##...# #..# ##.....##..##
#..# ###..#####.### ##... #@.#
##..###.... #Yl# ##......÷. #..#
##....... #.†# ######## #..# #
#..# .... ..... ......


You could see a komodo dragon and a yak.

Vanquished Creatures
  3 two-headed ogres
  A fire crab (D:9)
  Amaemon (D:7)
  Pikel (D:6)
  Maurice (D:7)
  An elephant (shapeshifter) (D:9)
  An orange demon (D:8)
  A culicivora (D:8)
  2 wyverns
  A human (D:8)
  23 yaks
  2 steam dragons
  Menkaure (D:6)
  Edmund (D:5)
  An acid dragon (D:8)
  2 water moccasins
  2 orc warriors (D:9)
  2 sky beasts
  An ice beast (D:5)
  3 centaurs
  A lemure (D:6)
  2 phantoms
  3 kobold brigands
  3 bullfrogs
  A gnoll sergeant (D:9)
  2 scorpions
  8 wights
  10 killer bees
  A howler monkey (D:4)
  5 hounds
  A bombardier beetle (D:5)
  6 orc priests
  A gnoll bouda (D:5)
  2 jellies
  Crazy Yiuf (D:5)
  2 iguanas
  Ijyb (D:4)
  4 orc wizards
  17 gnolls
  A river rat (D:3)
  3 adders
  2 shadow imps
  4 white imps
  A dart slug (shapeshifter) (Sewer)
  A dart slug (D:5)
  3 ribbon worms
  24 orcs
  12 endoplasms
  2 giant cockroaches (D:2)
  5 goblins
  4 hobgoblins
  9 jackals
  19 kobolds
  5 quokkas
  15 ball pythons
  4 bats
  4 frilled lizards
  5 rats
245 creatures vanquished.

Vanquished Creatures (collateral kills)
  2 endoplasms (D:4)
  A hobgoblin (D:4)
3 creatures vanquished.

Vanquished Creatures (others)
  A bullfrog (D:8)
  A ribbon worm (D:2)
2 creatures vanquished.

Grand Total: 250 creatures vanquished

Notes
Turn   | Place    | Note
-------+----------+-------------------------------------------
     0 | D:1      | ezpacito the Coglin Chaos Knight began the quest for the
                  | Orb.
     0 | D:1      | Reached XP level 1. HP: 18/18 MP: 1/1
    50 | D:1      | XOM: potion effect (berserk rage)
   107 | D:1      | Reached skill level 1 in Dodging
   239 | D:1      | Reached XP level 2. HP: 22/24 MP: 2/2
   387 | D:1      | XOM: noise
   951 | D:2      | Found an iron altar of Okawaru.
   967 | D:2      | XOM: divination: detect creatures
   975 | D:2      | Reached XP level 3. HP: 24/29 MP: 3/3
  1212 | D:2      | XOM: smoke on damage
  1532 | D:2      | Found a faded altar of an unknown god.
  1959 | D:3      | Reached XP level 4. HP: 27/35 MP: 3/5
  1996 | D:3      | XOM: god gift: scroll labelled YSOUDDO OMIYRR {god gift}
  2045 | D:3      | Identified a scroll of acquirement
  2045 | D:3      | Acquired the +1 eveningstar "Undertaker" {holy, rElec rN+}
  2118 | D:3      | Found a glowing drain.
  2125 | Sewer    | Entered a sewer
  2264 | Sewer    | Noticed a kobold brigand
  2280 | Sewer    | Killed a kobold brigand
  2281 | Sewer    | Reached skill level 1 in Polearms
  2281 | Sewer    | Reached skill level 1 in Stealth
  2281 | Sewer    | Reached skill level 1 in Spellcasting
  2281 | Sewer    | Reached XP level 5. HP: 41/42 MP: 6/6
  2284 | Sewer    | a kobold changed into a glowing shapeshifter
  2284 | Sewer    | Noticed a glowing shapeshifter (glowing shapeshifter)
  2284 | Sewer    | XOM: polymorph kobold -> glowing shapeshifter
  2284 | Sewer    | a glowing shapeshifter changed into a dart slug
  2727 | D:3      | Reached XP level 6. HP: 38/48 MP: 7/7
  2732 | D:3      | Reached skill level 4 in Axes
  3029 | D:4      | Noticed Ijyb
  3034 | D:4      | XOM: summons 5 friendly demons
  3036 | D:4      | Killed Ijyb
  3080 | D:4      | Found a runed translucent gate.
  3080 | D:4      | Found a runed translucent gate.
  3080 | D:4      | Found a runed translucent gate.
  3084 | D:4      | Noticed ClasyJones's ghost (novice TrFi)
  3086 | D:4      | XOM: 1-stop teleportation journey
  3091 | D:4      | Learned a level 3 spell: Fugue of the Fallen
  3096 | D:4      | Learned a level 4 spell: Animate Armour
  3497 | D:4      | XOM: silly message
  4092 | D:5      | Entered Level 5 of the Dungeon
  4135 | D:5      | Reached XP level 7. HP: 54/54 MP: 8/8
  4221 | D:5      | XOM: silly message
  4234 | D:5      | Reached skill level 1 in Evocations
  4394 | D:5      | XOM: divination: detect items
  4562 | D:5      | XOM: cloud trail
  4572 | D:5      | Found a runed translucent door.
  4572 | D:5      | XOM: noise
  4573 | D:5      | Noticed Crazy Yiuf
  4579 | D:5      | Killed Crazy Yiuf
  4584 | D:5      | Identified the +6 hammer "Tuil" {venom, rN+ Dex+3}
  4647 | D:5      | XOM: stat loss: -1 Str (13/14)
  4832 | D:5      | XOM: 8-stop teleportation journey
  4874 | D:5      | XOM: 1-stop teleportation journey
  4936 | D:5      | Reached XP level 8. HP: 61/61 MP: 10/10
  4938 | D:5      | Noticed Edmund
  4944 | D:5      | Killed Edmund
  5019 | D:5      | Reached skill level 5 in Axes
  5185 | D:6      | Reached skill level 5 in Fighting
  5188 | D:6      | Noticed Pikel
  5234 | D:6      | XOM: summons 3 friendly demons
  5263 | D:6      | XOM: summons 5 hostile demons
  5447 | D:6      | XOM: cast spell 'Iskenderun's Battlesphere'
  5539 | D:6      | Noticed Menkaure
  5543 | D:6      | Killed Menkaure
  5646 | D:6      | Killed Pikel
  5647 | D:6      | Reached skill level 1 in Maces & Flails
  5647 | D:6      | Reached XP level 9. HP: 64/68 MP: 12/12
  5701 | D:6      | XOM: noise
  5705 | D:6      | Found Hoesatre's Assorted Antiques.
  5716 | D:6      | Bought a distressingly furry leather armour for 231 gold
                  | pieces
  5716 | D:6      | Identified the +2 leather armour of Imperfection {rPois}
                  | (You bought it in a shop on level 6 of the Dungeon)
  5716 | D:6      | Bought a scroll labelled NOWINA WOKHEPE for 33 gold pieces
  5837 | D:6      | XOM: enchant monster (good)
  5913 | D:6      | XOM: god gift: 3 stones
  5932 | D:7      | Noticed Maurice
  5934 | D:7      | XOM: 1-stop teleportation journey
  5943 | D:7      | Found a staircase to the Ecumenical Temple.
  5968 | Temple   | Entered the Ecumenical Temple
  6049 | D:7      | XOM: give mutation
  6049 | D:7      | Gained mutation: Your movements are slightly less
                  | encumbered by armour. (ER -2) [Xom's mischief]
  6072 | D:7      | XOM: scenery: create altars
  6346 | D:7      | Reached skill level 6 in Axes
  6454 | D:7      | Reached skill level 1 in Alchemy
  6462 | D:7      | Reached skill level 5 in Armour
  6581 | D:7      | Found a sparkling altar of Nemelex Xobeh.
  6802 | D:7      | Reached skill level 5 in Dodging
  6805 | D:7      | Found Jouvvoh's General Store.
  6856 | D:7      | XOM: stat loss: -1 Str (15/16)
  6860 | D:7      | Killed Maurice
  6861 | D:7      | Reached XP level 10. HP: 71/76 MP: 6/14
  7008 | D:8      | Noticed Amaemon
  7008 | D:8      | Noticed an orange demon
  7026 | D:7      | Killed Amaemon
  7207 | D:8      | Killed an orange demon
  7237 | D:8      | XOM: 1-stop teleportation journey
  7323 | D:8      | Learned a level 8 spell: Lehudib's Crystal Spear
  7346 | D:8      | XOM: summons 2 hostile demons
  7347 | D:8      | Noticed a sun demon
  7695 | D:8      | Found a sacrificial altar of Ru.
  7701 | D:8      | a yak changed into an azure jelly
  7701 | D:8      | Noticed an azure jelly
  7701 | D:8      | XOM: polymorph yak -> azure jelly
  7840 | D:8      | an azure jelly changed into a culicivora
  7840 | D:8      | XOM: polymorph azure jelly -> culicivora
  7929 | D:8      | Found a burning altar of Makhleb.
  7939 | D:8      | XOM: polymorph gnoll bouda -> human
  7947 | D:8      | Reached skill level 7 in Axes
  8383 | D:9      | Reached skill level 5 in Evocations
  8446 | D:9      | Noticed Harold
  8446 | D:9      | Harold changed into Harold the shapeshifter
  8446 | D:9      | XOM: polymorph Harold -> Harold the shapeshifter
  8446 | D:9      | Harold the shapeshifter changed into Harold the manticore
  8446 | D:9      | Noticed Harold (shapeshifter)
  8454 | D:9      | Harold the manticore changed into Harold the elephant
  8454 | D:9      | Noticed Harold (shapeshifter)
  8460 | D:9      | Killed Harold the elephant
  8609 | D:9      | Reached XP level 11. HP: 78/84 MP: 16/16
  8652 | D:9      | XOM: summons 1 hostile shadow creature
  9018 | D:9      | XOM is BORED!
  9018 | D:9      | a troll changed into a fire crab
  9018 | D:9      | Noticed a fire crab
  9018 | D:9      | XOM: polymorph troll -> fire crab
  9026 | D:9      | Killed a fire crab
  9026 | D:9      | HP: 1/84 [something (5)]
  9165 | D:8      | XOM: silly message
  9310 | D:9      | XOM: silly message
  9447 | D:9      | XOM: blink monster(s)
  9470 | D:9      | XOM: enchant monster (good)
  9631 | D:9      | XOM: give mutations
  9631 | D:9      | Gained mutation: Your spells are a little harder to cast,
                  | but a little more powerful. [Xom's mischief]
  9631 | D:9      | Gained mutation: You are weak. (Str -2) [Xom's mischief]
  9631 | D:9      | Gained mutation: You are frail. (-10% HP) [Xom's mischief]
  9631 | D:9      | Gained mutation: Your body sometimes deteriorates upon
                  | taking damage. [Xom's mischief]
  9640 | D:9      | Noticed a two-headed ogre
  9645 | D:9      | Killed a two-headed ogre
  9645 | D:9      | XOM: summons 5 hostile demons
  9646 | D:9      | Noticed a soul eater
  9806 | D:9      | Identified the +1 pair of boots of Suhad {Regen+}
 10036 | D:10     | Entered Level 10 of the Dungeon
 10109 | D:10     | XOM: summons 6 hostile demons
 10116 | D:10     | XOM: noise
 10140 | D:10     | Found an ancient bone altar of Kikubaaqudgha.
 10284 | D:10     | Noticed a two-headed ogre
 10293 | D:10     | Killed a two-headed ogre
 10297 | D:10     | XOM: 1-stop teleportation journey
 10353 | D:10     | Noticed a two-headed ogre
 10364 | D:10     | XOM: fog
 10370 | D:10     | XOM: 4-stop teleportation journey
 10371 | D:10     | Killed a two-headed ogre
 10476 | D:10     | XOM: polymorph yak -> jelly
 10481 | D:10     | XOM: scenery: create altars
 10488 | D:10     | Reached skill level 8 in Axes
 10490 | D:10     | Found a staircase to the Orcish Mines.
 10501 | D:10     | Identified the +0 ring mail of Courage {Will+ rCorr}
 10663 | D:10     | XOM: confuse monster(s)
 10671 | D:10     | XOM: blink monster(s)
 10683 | D:10     | Slain by a komodo dragon

Illustrated notes

Levels and vault maps discovered:
D:1:      lightli_arrival_statue_moat, layout_basic, serial_forest,
          infiniplex_forest_straight_2, infiniplex_forest_lined_corner,
          infiniplex_forest_clump_tiny, infiniplex_forest_lined_1,
          infiniplex_forest_corner_2, infiniplex_forest_clump_medium,
          infiniplex_forest_lined_3_way, minmay_misc_feat_four_crosses,
          serial_bayou_lake_a
D:2:      layout_loops_ring, basic_altar, hellmonk_ecumenical_altar_crossroads,
          minmay_ruptured
D:3:      layout_loops_cross, mainiacjoe_sewer_entry_somewhere_in_here_1
D:4:      layout_layer_cave, ebering_ghost_rock_garden, uniq_ijyb
D:5:      layout_basic, uniq_crazy_yiuf_cottage, uniq_edmund
D:6:      layout_loops_ring, serial_shops, nicolae_shop_behind_doors,
          uniq_menkaure, uniq_pikel
D:7:      layout_loops_ring, nemelex_xobeh_ov_fountains_minmay, temple_pool_b,
          serial_shops, shop, uniq_maurice
D:8:      layout_cave_pools, mainiacjoe_overflow_24_doors,
          nicolae_overflow_crystal_walls, uniq_amaemon
D:9:      layout_loops_ring, columned_hall_lemuel, uniq_harold
D:10:     layout_layer_cave, mainiacjoe_overflow_boulevard, cheibriados_altar_1,
          orc_0_dummy
Temple:   sentei_temple_godly_chess

Skill      XL: |  1  2  3  4  5  6  7  8  9 10 11 |
---------------+----------------------------------+-----
Dodging        | 1 2 3 4 5 6 |  6.7
Armour         | 2 3 4 5 6 |  6.8
Polearms       | 1 2 3 4 |  4.5
Stealth        | 1 2 3 4 |  4.4
Spellcasting   | 1 2 3 |  3.9
Axes           | 4 5 6 7 8 |  8.1
Fighting       | 4 5 6 7 |  7.8
Evocations     | 2 3 4 5 6 |  6.0
Maces & Flails | 1 2 3 4 |  4.6
Alchemy        | 1 2 3 |  3.6

Action                     |  1- 3 |  4- 6 |  7- 9 | 10-12 || total
---------------------------+-------+-------+-------+-------++-------
  Melee: Hand axe          |   110 |   121 |    31 |       ||   262
         Dagger            |    80 |       |       |       ||    80
         Whip              |    22 |     2 |       |       ||    24
         Eveningstar       |       |   118 |   158 |   241 ||   517
         Mace              |       |       |   121 |   232 ||   353
  Evoke: Wand              |       |       |       |     5 ||     5
    Use: Scroll            |     5 |    10 |    11 |    11 ||    37
         Potion            |       |     1 |     2 |     6 ||     9
   Stab: Paralysed         |     1 |     2 |       |       ||     3
         Petrified         |       |       |     2 |     5 ||     7
         Distracted        |       |       |     1 |       ||     1
         Confused          |       |       |     1 |       ||     1
         Sleeping          |       |       |     4 |     3 ||     7
 Armour: Leather armour    |    51 |       |    72 |   219 ||   342
         Ring mail         |    32 |   121 |    92 |       ||   245
  Dodge: Dodged            |    72 |    78 |   187 |   280 ||   617

Table legend: (Time is in decaauts)
 A = Elapsed time spent in this place.
 B = Non-inter-level travel time spent in this place.
 C = Inter-level travel time spent in this place.
 D = Time resting spent in this place.
 E = Time spent auto-exploring this place.
 F = Levels seen in this place.
 G = Mean time per level.
                   A        B        C        D        E       F      G
               +--------+--------+--------+--------+--------+-----+--------+
         Total |  10902 |  10544 |    358 |   1351 |   6906 |  12 |  908.5 |
       Dungeon |  10514 |  10157 |    357 |   1351 |   6768 |  10 | 1051.4 |
        Temple |      1 |      1 |      0 |      0 |      0 |   1 |    1.0 |
         Sewer |    385 |    385 |      0 |      0 |    138 |   1 |  385.0 |
               +--------+--------+--------+--------+--------+-----+--------+

Top non-repeatable levels by time:
     D:9: 1454 daAuts
     D:8: 1282 daAuts
     D:7: 1169 daAuts
     D:4: 1150 daAuts
     D:6: 1076 daAuts
     D:5: 1025 daAuts
     D:1: 985 daAuts
     D:3: 895 daAuts
     D:2: 819 daAuts
    D:10: 657 daAuts
   Sewer: 385 daAuts
  Temple: 1 daAuts
